 Dungeon Sprint DCSS version 0.31-a0-437-g7cee417757 (console) character file.

Game seed: 11554663450426001199

783 Lexodia the Jinx (level 7, -13/30 HPs)
             Began as a Felid Enchanter on Aug 2, 2023.
             Was a Follower of Wu Jian.
             Engulfed by a cloud of freezing vapour (22 damage)
             ... in the Dungeon (Sprint I: "Red Sonja").
             The game lasted 00:03:08 (315 turns).

Lexodia the Jinx (Felid Enchanter)                   Turns: 315, Time: 00:03:08

Health: -13/30     AC:  2    Str:  4    XL:     7   Next: 55%
Magic:  15/15      EV: 19    Int: 17    God:    Wu Jian [*.....]
Gold:   891        SH:  0    Dex: 18    Spells: 5/16 levels left
                                        Lives:  0   Deaths: 2

rFire   . .          .
                       - Unarmed
rCold   . . .        (shield unavailable)
rNeg    . . .        (body armour unavailable)
rPois   .            (helmet unavailable)
rElec   .            (cloak unavailable)
rCorr   .            (gloves unavailable)
SInv    +            (boots unavailable)
Will    +....        (no amulet)
Stlth   +++          (no ring)
HPRegen 0.25/turn    (no ring)
MPRegen 0.14/turn

%: no teleportation
@: quick
A: very small, claws 1, fangs 3, see invisible, speed 1, shaggy fur 2, stealthy
paws, no weapons or thrown items, no armour, multi-lived
a: Renounce Religion


You were in the Dungeon.
You worshipped Wu Jian.
Wu Jian was aware of your devotion.
You visited 1 branch You collected 891 gold pieces.

Inventory:

Wands
 f - a wand of flame (20) (quivered)
 h - a wand of roots (11)
Scrolls
 g - a scroll of blinking
Potions
 b - a potion of curing
 c - a potion of heal wounds
 d - a potion of haste
 e - 2 potions of magic


   Skills:
 * Level 2.0 Fighting
 * Level 4.0 Dodging
 * Level 5.2 Stealth
 - Level 12.5 Unarmed Combat
 - Level 5.0 Spellcasting
 + Level 13.7 Hexes
 + Level 9.2 Ice Magic


You had 5 spell levels left.
You knew the following spells:

 Your Spells              Type           Power      Damage    Failure   Level
a - Ensorcelled Hibernat  Hex/Ice        86%        N/A       1%          2
b - Tukima's Dance        Hex            50%        N/A       1%          3
c - Dazzling Flash        Conj/Hex       54%        N/A       2%          3
d - Confusing Touch       Hex            50%        N/A       1%          3

Your spell library contained the following spells:

 Spells                   Type           Power      Damage    Failure   Level


Dungeon Overview and Level Annotations

Branches:
Dungeon (1/1)

Altars:
Sif Muna
Vehumet
Wu Jian

Annotations:
D exclusion: oklob plant


Innate Abilities, Weirdness & Mutations

You have sharp claws.
You have razor-sharp teeth.
You have supernaturally acute eyesight. (SInv)
You cover ground quickly. (Speed+)
You are covered in thick fur. (AC +2)
Your paws help you pounce on unaware monsters.
You are incapable of wielding weapons or throwing items.
You cannot wear armour.
You gain extra lives every three experience levels.


Message History

You open the door.
Found 594 gold pieces and a hand axe.
Found 162 gold pieces.
There is an open door here.
Found 81 gold pieces.
You now have 297 gold pieces (gained 27).
You now have 324 gold pieces (gained 27).
You now have 351 gold pieces (gained 27).
You're in a travel-excluded area, stopping explore.
You're in a travel-excluded area, stopping explore.
Found 54 gold pieces.
You now have 378 gold pieces (gained 27).
You now have 405 gold pieces (gained 27).
You now have 432 gold pieces (gained 27).
Really walk into that cloud of freezing vapour?
Okay, then.
You now have 459 gold pieces (gained 27).
You are engulfed in freezing vapours.
Ouch! That really hurt!
* * * LOW HITPOINT WARNING * * *
Huge Dmg: -93%(-28hp) hp: 7%(2hp)
You now have 486 gold pieces (gained 27).
You now have 513 gold pieces (gained 27).
You now have 540 gold pieces (gained 27).
You now have 567 gold pieces (gained 27).
You now have 594 gold pieces (gained 27).
You now have 621 gold pieces (gained 27).
You now have 648 gold pieces (gained 27).
You now have 675 gold pieces (gained 27).
You now have 702 gold pieces (gained 27).
You now have 729 gold pieces (gained 27).
You now have 756 gold pieces (gained 27).
You now have 783 gold pieces (gained 27).
You now have 810 gold pieces (gained 27).
You now have 837 gold pieces (gained 27).
You now have 864 gold pieces (gained 27).
You now have 891 gold pieces (gained 27).
You are engulfed in freezing vapours.
Ouch! That really hurt!
You die...

#§§####
§§§#§.#
§.§'†.#
~§§#§.#
#####†# §.#
#P+ ##++ ###
### #..##
####$○###
#..#☼@#.###
#..$$$....#
####..$$$....#
#?('°.°$..####
#####°..###
#####


There were no monsters in sight!

Vanquished Creatures
  2 centaur warriors (D)
  A hornet (D)
  Sigmund (D)
  An ogre (D)
  A jelly (D)
  Ijyb (D)
7 creatures vanquished.

Notes
Turn   | Place    | Note
-------+----------+-------------------------------------------
     0 | D        | Lexodia the Felid Enchanter began the quest for the Orb.
     0 | D        | Reached XP level 1. HP: 7/7 MP: 4/4
     1 | D        | Noticed Ijyb
    15 | D        | Noticed an ogre
    20 | D        | Huge Dmg: 5 dmg
    21 | D        | Killed Ijyb
    22 | D        | Reached skill level 5 in Unarmed Combat
    22 | D        | Reached XP level 2. HP: 4/11 MP: 6/6
    23 | D        | Killed an ogre
    24 | D        | Reached XP level 3. HP: 5/14 MP: 7/7
    24 | D        | Reached XP level 4. HP: 7/18 MP: 8/8
    25 | D        | Noticed Sigmund
    28 | D        | Killed Sigmund
    29 | D        | Reached XP level 5. HP: 9/21 MP: 9/9
    29 | D        | Gained mutation: You are covered in thick fur. (AC +2)
                  | [Felid growth]
    29 | D        | Reached XP level 6. HP: 10/24 MP: 10/10
    31 | D        | Huge Dmg: 3 dmg
   100 | D        | Learned a level 2 spell: Ensorcelled Hibernation
   104 | D        | Learned a level 3 spell: Tukima's Dance
   108 | D        | Learned a level 3 spell: Dazzling Flash
   118 | D        | Found an ornate altar of the Wu Jian Council.
   118 | D        | Found a shimmering blue altar of Sif Muna.
   120 | D        | Found a radiant altar of Vehumet.
   123 | D        | Became a worshipper of the Wu Jian Council
   126 | D        | Huge Dmg: 13 dmg
   128 | D        | Huge Dmg: 2 dmg
   129 | D        | Huge Dmg: 5 dmg
   129 | D        | Splashed by a jelly's acid
   130 | D        | Reached XP level 5. HP: 0/21 MP: 8/9
   130 | D        | Reached skill level 5 in Hexes
   130 | D        | Reached skill level 1 in Ice Magic
   141 | D        | Noticed a centaur warrior
   143 | D        | Noticed a centaur warrior
   144 | D        | Killed a centaur warrior
   145 | D        | Reached skill level 5 in Spellcasting
   145 | D        | Reached skill level 10 in Hexes
   145 | D        | Reached XP level 6. HP: 24/24 MP: 9/14
   145 | D        | Reached XP level 7. HP: 27/27 MP: 9/15
   147 | D        | Killed a centaur warrior
   147 | D        | Reached * piety under Wu Jian
   148 | D        | Reached skill level 13 in Hexes
   148 | D        | Reached XP level 8. HP: 31/31 MP: 7/16
   149 | D        | Noticed a hornet
   154 | D        | Killed a hornet
   155 | D        | Reached skill level 5 in Stealth
   244 | D        | Noticed an oklob plant
   253 | D        | Learned a level 3 spell: Confusing Touch
   266 | D        | Huge Dmg: 18 dmg
   266 | D        | Killed from afar by an oklob plant
   267 | D        | Reached XP level 7. HP: -16/30 MP: 15/15
   284 | D        | Huge Dmg: 28 dmg
   315 | D        | Engulfed by a cloud of freezing vapour

Illustrated notes

Levels and vault maps discovered:
D:        dungeon_sprint_1 [red_sonja_temple_1, red_sonja_temple_small_1]

Skill      XL: |  1  2  3  4  5  6  7  8 |
---------------+-------------------------+-----
Unarmed Combat | 5 9 12 | 12.5
Hexes          | 10 13 | 13.7
Ice Magic      | 7 9 |  9.2
Spellcasting   | 5 |  5.0
Fighting       | 2 |  2.0
Dodging        | 4 |  4.0
Stealth        | 5 |  5.2

Action                     |  1- 3 |  4- 6 |  7- 9 || total
---------------------------+-------+-------+-------++-------
  Melee: Unarmed           |    15 |     7 |    12 ||    34
         Punch             |     1 |     1 |     3 ||     5
         Bite              |     1 |     1 |     4 ||     6
   Cast: Ensorcelled Hiber |       |     1 |     4 ||     5
Ability: Lunge             |       |     1 |     2 ||     3
    Use: Potion            |     2 |       |     1 ||     3
         Scroll            |       |     1 |       ||     1
   Stab: Invisible         |     4 |     1 |       ||     5
         Sleeping          |     2 |     1 |     2 ||     5
  Dodge: Dodged            |    10 |     3 |     4 ||    17

Table legend: (Time is in decaauts)
 A = Elapsed time spent in this place.
 B = Non-inter-level travel time spent in this place.
 C = Inter-level travel time spent in this place.
 D = Time resting spent in this place.
 E = Time spent auto-exploring this place.
 F = Levels seen in this place.
 G = Mean time per level.
                   A        B        C        D        E       F      G
               +--------+--------+--------+--------+--------+-----+--------+
         Total |    303 |    303 |      0 |    119 |     27 |   1 |  303.0 |
       Dungeon |    303 |    303 |      0 |    119 |     27 |   1 |  303.0 |
               +--------+--------+--------+--------+--------+-----+--------+

Top non-repeatable levels by time:
       D: 303 daAuts
